| TOP OF THE 1ST |
|
Salem-Keizer Volcanoes batting - Pitching for Rome Braves : RHP Sean Geer
|
|
Pitching: RHP Sean Geer
|
|
|
Batting: LHB Pat Aviles
|
0-0: Ball 1-0: Foul Ball, location: 2F 1-1: Ball 2-1: Foul Ball, location: 2F 2-2: Ball 3-2: Ground out 3-1 (Groundball, 34S, EV 68.1 MPH)
|
|
Batting: RHB Mike Buchanan
|
0-0: Ball 1-0: Ground out 4-3 (Groundball, 4, EV 90.6 MPH)
|
|
Batting: LHB Ryan Anderson
|
0-0: Called Strike 0-1: Ground out 4-3 (Groundball, 4, EV 82.5 MPH)
|
| Top of the 1st over - 0 runs, 0 hits, 0 errors, 0 left on base; Salem-Keizer 0 - Rome 0 |
| BOTTOM OF THE 1ST |
|
Rome Braves batting - Pitching for Salem-Keizer Volcanoes : RHP Tim Welshman
|
|
Pitching: RHP Tim Welshman
|
|
|
Batting: LHB J.P. Olson
|
0-0: Ball 1-0: Swinging Strike 1-1: Ball 2-1: Fly out, F7 (Line Drive, 7D, EV 92.5 MPH)
|
|
Batting: RHB Brandon Burrell
|
0-0: Ball 1-0: Ball 2-0: Called Strike 2-1: Called Strike 2-2: Strikes out swinging
|
|
Batting: LHB Curt Nelson
|
0-0: Foul Ball, location: 2F 0-1: Ball 1-1: Foul Ball, location: 2F 1-2: Foul Ball, location: 2F 1-2: Ground out 1-3 (Groundball, 13S, EV 68.8 MPH)
|
| Bottom of the 1st over - 0 runs, 0 hits, 0 errors, 0 left on base; Salem-Keizer 0 - Rome 0 |
| TOP OF THE 2ND |
|
Salem-Keizer Volcanoes batting - Pitching for Rome Braves : RHP Sean Geer
|
|
Batting: RHB Davey Beeson
|
0-0: Called Strike 0-1: Swinging Strike 0-2: Ball 1-2: Strikes out looking
|
|
Batting: RHB Danny Gallo
|
0-0: Ball 1-0: Ball 2-0: Ball 3-0: Called Strike 3-1: Ground out 4-3 (Groundball, 4, EV 105.6 MPH)
|
|
Batting: LHB Gil Caraveo
|
0-0: Reached on error, E6 (Groundball, 56, EV 87.5 MPH)
|
|
Batting: RHB Justin Layton
|
0-0: Ball 1-0: Called Strike 1-1: Called Strike 1-2: Strikes out swinging
|
| Top of the 2nd over - 0 runs, 0 hits, 1 error, 1 left on base; Salem-Keizer 0 - Rome 0 |
| BOTTOM OF THE 2ND |
|
Rome Braves batting - Pitching for Salem-Keizer Volcanoes : RHP Tim Welshman
|
|
Batting: RHB Ike Trout
|
0-0: Ball 1-0: Ball 2-0: Ball 3-0: Base on Balls
|
|
Batting: LHB Mike Tenorio
|
0-0: Ball Ike Trout steals 2nd base 1-0: Swinging Strike 1-1: 2-RUN HOME RUN (Flyball, 89XD, EV 111.2 MPH), Distance : 405 ft
|
|
Batting: LHB Javier Rubio
|
0-0: Ball 1-0: Called Strike 1-1: Foul Ball, location: 2F 1-2: Ball 2-2: Ground out 6-3 (Groundball, 6, EV 102.5 MPH)
|
|
Batting: RHB Alex Velasquez
|
0-0: Ball 1-0: Called Strike 1-1: Swinging Strike 1-2: Foul Ball, location: 2F 1-2: Strikes out swinging
|
|
Batting: LHB Joe Phillips
|
0-0: Ball 1-0: Called Strike 1-1: Ground out 6-3 (Groundball, 6, EV 105.0 MPH)
|
| Bottom of the 2nd over - 2 runs, 1 hit, 0 errors, 0 left on base; Salem-Keizer 0 - Rome 2 |
| TOP OF THE 3RD |
|
Salem-Keizer Volcanoes batting - Pitching for Rome Braves : RHP Sean Geer
|
|
Batting: RHB John Tyra
|
0-0: Foul Ball, location: 2F 0-1: Ball 1-1: Swinging Strike 1-2: Ball 2-2: Foul Ball, location: 2F 2-2: Ball 3-2: Foul Ball, location: 2F 3-2: Strikes out swinging
|
|
Batting: RHB Ryan Johnston
|
0-0: Ball 1-0: Ball 2-0: Foul Ball, location: 2F 2-1: Ground out 4-3 (Groundball, 4S, EV 81.2 MPH)
|
|
Batting: LHB Pat Aviles
|
0-0: Ball 1-0: Swinging Strike 1-1: Ball 2-1: Called Strike 2-2: Fly out, F7 (Flyball, 7LM, EV 93.1 MPH)
|
| Top of the 3rd over - 0 runs, 0 hits, 0 errors, 0 left on base; Salem-Keizer 0 - Rome 2 |
| BOTTOM OF THE 3RD |
|
Rome Braves batting - Pitching for Salem-Keizer Volcanoes : RHP Tim Welshman
|
|
Batting: SHB Juan Aguilar
|
0-0: Foul Ball, location: 2F 0-1: Ball 1-1: Called Strike 1-2: Foul Ball, location: 2F 1-2: Fly out, F8 (Flyball, 8LS, EV 95.0 MPH)
|
|
Batting: LHB J.P. Olson
|
0-0: Called Strike 0-1: Swinging Strike 0-2: Ball 1-2: Foul Ball, location: 2F 1-2: Foul Ball, location: 2F 1-2: Ball 2-2: Ball 3-2: Base on Balls
|
|
Batting: RHB Brandon Burrell
|
0-0: Called Strike 0-1: Ball J.P. Olson steals 2nd base (no throw) 1-1: Ball 2-1: Ball 3-1: Ground out U3 (Groundball, 3S, EV 80.0 MPH) J.P. Olson to third
|
|
Batting: LHB Curt Nelson
|
0-0: Called Strike 0-1: Ball 1-1: Ball 2-1: Ball 3-1: Swinging Strike 3-2: Base on Balls
|
|
Batting: RHB Ike Trout
|
0-0: Ball 1-0: DOUBLE (Flyball, 7LD, EV 100.0 MPH) J.P. Olson scores Curt Nelson to third Runner from 3rd tries for Home, SAFE, throw by LF to home
|
|
Batting: LHB Mike Tenorio
|
0-0: Ball 1-0: Ball 2-0: Ball 3-0: Base on Balls
|
|
Batting: LHB Javier Rubio
|
0-0: Called Strike 0-1: Ball 1-1: Foul Ball, location: 2F 1-2: Strikes out swinging
|
| Bottom of the 3rd over - 2 runs, 1 hit, 0 errors, 2 left on base; Salem-Keizer 0 - Rome 4 |
| TOP OF THE 4TH |
|
Salem-Keizer Volcanoes batting - Pitching for Rome Braves : RHP Sean Geer
|
|
Batting: RHB Mike Buchanan
|
0-0: SOLO HOME RUN (Flyball, 78XD, EV 106.9 MPH), Distance : 398 ft
|
|
Batting: LHB Ryan Anderson
|
0-0: Fly out, F8 (Flyball, 89D, EV 99.4 MPH)
|
|
Batting: RHB Davey Beeson
|
0-0: Fly out, F7 (Flyball, 7D, EV 77.5 MPH)
|
|
Batting: RHB Danny Gallo
|
0-0: Foul Ball, location: 2F 0-1: Foul Ball, location: 2F 0-2: Ball 1-2: Strikes out swinging
|
| Top of the 4th over - 1 run, 1 hit, 0 errors, 0 left on base; Salem-Keizer 1 - Rome 4 |
| BOTTOM OF THE 4TH |
|
Rome Braves batting - Pitching for Salem-Keizer Volcanoes : RHP Tim Welshman
|
|
Batting: RHB Alex Velasquez
|
0-0: Ball 1-0: Called Strike 1-1: Swinging Strike 1-2: Strikes out swinging
|
|
Batting: LHB Joe Phillips
|
0-0: Ball 1-0: Ground out 3-1 (Groundball, 34S, EV 87.5 MPH)
|
|
Batting: SHB Juan Aguilar
|
0-0: Called Strike 0-1: Ball 1-1: Ball 2-1: Ball 3-1: Called Strike 3-2: Base on Balls
|
|
Batting: LHB J.P. Olson
|
0-0: Ball 1-0: Ball 2-0: Ball 3-0: Base on Balls Juan Aguilar to second
|
|
Batting: RHB Brandon Burrell
|
0-0: Ball Passed Ball! Juan Aguilar to third J.P. Olson to second 1-0: Ball 2-0: Ball 3-0: Called Strike 3-1: Foul Ball, location: 2F 3-2: Ground out 6-3 (Groundball, 56, EV 103.1 MPH)
|
| Bottom of the 4th over - 0 runs, 0 hits, 0 errors, 2 left on base; Salem-Keizer 1 - Rome 4 |
| TOP OF THE 5TH |
|
Salem-Keizer Volcanoes batting - Pitching for Rome Braves : RHP Sean Geer
|
|
Batting: LHB Gil Caraveo
|
0-0: Swinging Strike 0-1: Ground out 6-3 (Groundball, 56, EV 78.8 MPH)
|
|
Batting: RHB Justin Layton
|
0-0: Ball 1-0: Ball 2-0: Ball 3-0: Base on Balls
|
|
Batting: RHB John Tyra
|
0-0: Ball 1-0: Foul Ball, location: 2F 1-1: SINGLE (Groundball, 4D, EV 101.9 MPH) Justin Layton to second Runner from 2nd tries for 3rd, OUT! 9-5
|
|
Batting: RHB Ryan Johnston
|
0-0: Called Strike 0-1: Ball 1-1: Ball 2-1: Foul Ball, location: 2F 2-2: Strikes out swinging
|
| Top of the 5th over - 0 runs, 1 hit, 0 errors, 1 left on base; Salem-Keizer 1 - Rome 4 |
| BOTTOM OF THE 5TH |
|
Rome Braves batting - Pitching for Salem-Keizer Volcanoes : RHP Tim Welshman
|
|
Batting: LHB Curt Nelson
|
0-0: Ball 1-0: Ball 2-0: Ball 3-0: Called Strike 3-1: Base on Balls
|
|
Batting: RHB Ike Trout
|
0-0: Called Strike Curt Nelson steals 2nd base 0-1: SINGLE (Groundball, 5D, EV 100.6 MPH) Curt Nelson to third Runner from 3rd tries for Home, SAFE, throw by LF to home
|
|
Pitching: LHP Ian Martin
|
|
|
Batting: LHB Mike Tenorio
|
0-0: Foul Ball, location: 2F 0-1: Ball 1-1: Ball 2-1: Ball 3-1: Fly out, F8 (Flyball, 8RXD, EV 86.2 MPH)
|
|
Batting: LHB Javier Rubio
|
0-0: Grounds into double play, 6-4-3 (Groundball, 6, EV 99.4 MPH)
|
| Bottom of the 5th over - 1 run, 1 hit, 0 errors, 0 left on base; Salem-Keizer 1 - Rome 5 |
| TOP OF THE 6TH |
|
Salem-Keizer Volcanoes batting - Pitching for Rome Braves : RHP Sean Geer
|
|
Batting: LHB Pat Aviles
|
0-0: Ball 1-0: Swinging Strike 1-1: Called Strike 1-2: Foul Ball, location: 2F 1-2: Ball 2-2: Strikes out swinging
|
|
Batting: RHB Mike Buchanan
|
0-0: Called Strike 0-1: TRIPLE (Flyball, 89XD, EV 105.6 MPH)
|
|
Batting: LHB Ryan Anderson
|
0-0: Reached on error, E4 (Groundball, 4, EV 89.4 MPH) Mike Buchanan scores
|
|
Batting: RHB Davey Beeson
|
0-0: Ground out 5-3 (Groundball, 5S, EV 95.0 MPH)
|
|
Batting: RHB Danny Gallo
|
0-0: Ball 1-0: Fly out, F7 (Flyball, 7S, EV 91.9 MPH)
|
| Top of the 6th over - 1 run, 1 hit, 1 error, 1 left on base; Salem-Keizer 2 - Rome 5 |
| BOTTOM OF THE 6TH |
|
Rome Braves batting - Pitching for Salem-Keizer Volcanoes : LHP Ian Martin
|
|
Batting: RHB Alex Velasquez
|
0-0: Ball 1-0: Called Strike 1-1: Ball 2-1: Ball 3-1: Base on Balls
|
|
Batting: LHB Joe Phillips
|
0-0: Called Strike 0-1: Ball 1-1: Ball 2-1: Called Strike Alex Velasquez steals 2nd base 2-2: Ground out 5-3 (Groundball, 56, EV 85.0 MPH)
|
|
Batting: SHB Juan Aguilar
|
0-0: Called Strike 0-1: Ball 1-1: Ball 2-1: Called Strike 2-2: Ground out 6-3 (Groundball, 6, EV 93.8 MPH) Alex Velasquez to third
|
|
Batting: LHB J.P. Olson
|
0-0: Called Strike 0-1: Ball 1-1: Ball 2-1: Foul Ball, location: 2F 2-2: Strikes out swinging
|
| Bottom of the 6th over - 0 runs, 0 hits, 0 errors, 1 left on base; Salem-Keizer 2 - Rome 5 |
| TOP OF THE 7TH |
|
Salem-Keizer Volcanoes batting - Pitching for Rome Braves : RHP Sean Geer
|
|
Batting: LHB Gil Caraveo
|
0-0: Called Strike 0-1: Ground out 4-3 (Groundball, 4M, EV 86.2 MPH)
|
|
Batting: RHB Justin Layton
|
0-0: Ground out 4-3 (Groundball, 4S, EV 66.9 MPH)
|
|
Batting: RHB John Tyra
|
0-0: Ball 1-0: Called Strike 1-1: Reached on error, E5 (Groundball, 56, EV 83.8 MPH)
|
|
Batting: RHB Ryan Johnston
|
0-0: Called Strike 0-1: Called Strike 0-2: Ball 1-2: Ball 2-2: Ground out 4-3 (Groundball, 4, EV 86.9 MPH)
|
| Top of the 7th over - 0 runs, 0 hits, 1 error, 1 left on base; Salem-Keizer 2 - Rome 5 |
| BOTTOM OF THE 7TH |
|
Rome Braves batting - Pitching for Salem-Keizer Volcanoes : LHP Ian Martin
|
|
Pitching: RHP Vicente Burger
|
|
|
Batting: RHB Brandon Burrell
|
0-0: Called Strike 0-1: Foul Ball, location: 2F 0-2: Fly out, F3 (Flyball, 34D, EV 89.4 MPH)
|
|
Batting: LHB Curt Nelson
|
0-0: Foul Ball, location: 2F 0-1: Ball 1-1: Called Strike 1-2: Strikes out swinging
|
|
Batting: RHB Ike Trout
|
0-0: Fly out, F4 (Flyball, 4MD, EV 95.6 MPH)
|
| Bottom of the 7th over - 0 runs, 0 hits, 0 errors, 0 left on base; Salem-Keizer 2 - Rome 5 |
| TOP OF THE 8TH |
|
Salem-Keizer Volcanoes batting - Pitching for Rome Braves : RHP Sean Geer
|
|
Now at 3B: Adrian Billups
|
|
|
Now in LF: Javier Rubio
|
|
|
Now in RF: Malik Boulay
|
|
|
Batting: LHB Pat Aviles
|
0-0: Foul Ball, location: 2F 0-1: Ball 1-1: Ball 2-1: Ball 3-1: Ground out 6-3 (Groundball, 6M, EV 81.9 MPH)
|
|
Batting: RHB Mike Buchanan
|
0-0: SINGLE (Groundball, 56, EV 93.8 MPH)
|
|
Batting: LHB Ryan Anderson
|
0-0: Ball 1-0: Called Strike 1-1: Ball 2-1: Foul Ball, location: 2F 2-2: Ball 3-2: Fly out, F9 (Flyball, 89S, EV 81.2 MPH)
|
|
Batting: RHB Davey Beeson
|
0-0: Ball 1-0: Called Strike 1-1: Foul Ball, location: 2F 1-2: Ball 2-2: Foul Ball, location: 2F 2-2: Strikes out swinging
|
| Top of the 8th over - 0 runs, 1 hit, 0 errors, 1 left on base; Salem-Keizer 2 - Rome 5 |
| BOTTOM OF THE 8TH |
|
Rome Braves batting - Pitching for Salem-Keizer Volcanoes : RHP Vicente Burger
|
|
Batting: LHB Mike Tenorio
|
0-0: Called Strike 0-1: Hit by Pitch
|
|
Batting: LHB Javier Rubio
|
0-0: Ball 1-0: Bunt missed! 1-1: Bunt missed! 1-2: Ball 2-2: Ball 3-2: Fielders Choice at 2nd, 4-6 (Groundball, 34, EV 80.0 MPH)
|
|
Batting: RHB Alex Velasquez
|
0-0: Ball Javier Rubio steals 2nd base 1-0: Called Strike 1-1: Called Strike 1-2: Ball 2-2: Strikes out looking
|
|
Batting: LHB Joe Phillips
|
0-0: Intentional Walk
|
|
Batting: SHB Juan Aguilar
|
0-0: Called Strike 0-1: Ball 1-1: Ball 2-1: Swinging Strike 2-2: Foul Ball, location: 2F 2-2: Ball 3-2: Ground out 6-3 (Groundball, 6, EV 105.6 MPH)
|
| Bottom of the 8th over - 0 runs, 0 hits, 0 errors, 2 left on base; Salem-Keizer 2 - Rome 5 |
| TOP OF THE 9TH |
|
Salem-Keizer Volcanoes batting - Pitching for Rome Braves : RHP Sean Geer
|
|
Batting: RHB Danny Gallo
|
0-0: Called Strike 0-1: Ball 1-1: Foul Ball, location: 2F 1-2: Strikes out looking
|
|
Pitching: RHP Brendan Graham
|
|
|
Batting: LHB Gil Caraveo
|
0-0: Ball 1-0: DOUBLE (Line Drive, 89XD, EV 107.5 MPH)
|
|
Batting: RHB Justin Layton
|
0-0: Called Strike 0-1: Ground out 5-3 (Groundball, 5S, EV 88.8 MPH)
|
|
Batting: RHB John Tyra
|
0-0: Swinging Strike 0-1: Ball 1-1: Foul Ball, location: 2F 1-2: Strikes out swinging
|
| Top of the 9th over - 0 runs, 1 hit, 0 errors, 1 left on base; Salem-Keizer 2 - Rome 5 |
|